 Dungeon Crawl Stone Soup version 0.31.0-32-g396128a36d (webtiles) character file.

Game seed: 2277646226772632706

35534 TacoSundae the Mimic (level 13, -3/67 HPs)
             Began as a Spriggan Shapeshifter on Apr 6, 2024.
             Was a High Priest of Wu Jian.
             Killed from afar by a lindwurm (24 damage)
             ... with a blast of flame
             ... on level 5 of the Lair of Beasts.
             The game lasted 01:18:07 (18191 turns).

TacoSundae the Mimic (Spriggan Shapeshifter)       Turns: 18191, Time: 01:18:07

Health: -3/67      AC:  6    Str: 18    XL:     13   Next: 48%
Magic:  0/14       EV: 26    Int:  7    God:    Wu Jian [*****.]
Gold:   837        SH:  0    Dex: 19    Spells: 12/12 levels left

rFire   . .          .
                       - Unarmed
rCold   . . .        (shield currently unavailable)
rNeg    + . .        s - +0 steam dragon scales
rPois   +            (helmet restricted)
rElec   .            (no cloak)
rCorr   .            (gloves unavailable)
SInv    +            (boots unavailable)
Will    ++...        A - amulet of guardian spirit
Stlth   ++           u - ring of the King {AC+4 Dex+4}
HPRegen 0.31/turn    D - ring of Horid {rPois rN+ Str+4 Int-5}
MPRegen 0.14/turn

%: guardian spirit
@: blade hands, spiked, very quick
A: very small, no large weapons, unfitting armour, see invisible, speed 3
a: Begin Untransformation, Renounce Religion, Wall Jump, Serpent's Lash,
Heavenly Storm


You were on level 5 of the Lair of Beasts.
You worshipped Wu Jian.
Wu Jian was extremely pleased with you.
You had blades for hands.
You visited 3 branches of the dungeon, and saw 17 of its levels.

You collected 1300 gold pieces.
You spent 463 gold pieces at shops.

Inventory:

Missiles
 e - 8 poisoned darts (quivered)
 k - a throwing net
Armour
 s - +0 steam dragon scales (worn)
Magical Staves
 b - a staff of alchemy
Jewellery
 t - a ring of fire
 u - the ring of the King (left blade hand) {AC+4 Dex+4}
   (You found it on level 4 of the Dungeon)

   [ring of protection]

   AC+4:      It affects your AC (+4).
   Dex+4:     It affects your dexterity (+4).
 w - a +6 ring of strength
 A - an amulet of guardian spirit (around neck)
 D - the ring of Horid (right blade hand) {rPois rN+ Str+4 Int-5}
   (You acquired it on level 9 of the Dungeon)

   [ring of poison resistance]

   Str+4:     It affects your strength (+4).
   Int-5:     It affects your intelligence (-5).
   rPois:     It protects you from poison rN+: It protects you from negative
   energy.
 J - a ring of willpower
 L - a +5 ring of evasion
Talismans
 c - a beast talisman
 d - a flux talisman
 y - the granite talisman "Zibeuv" {Will+ MP+9 Dex+3}
   (You found it on level 9 of the Dungeon)

   [granite talisman]

   Dex+3:     It affects your dexterity (+3).
   Will+:     It increases your willpower.
   MP+9:      It affects your magic capacity (+9).
 H - a blade talisman (active)
Wands
 h - a wand of iceblast (24)
 p - a wand of flame (8)
 q - a wand of polymorph (12)
 C - a wand of light (6)
Scrolls
 a - 2 scrolls of immolation
 g - 2 scrolls of enchant armour
 o - 7 scrolls of teleportation
 r - 3 scrolls of poison
 x - a scroll of vulnerability
 B - a scroll of fog
 E - a scroll of blinking
 G - 3 scrolls of revelation
 K - 3 scrolls of fear
Potions
 f - 3 potions of heal wounds
 i - 13 potions of curing
 j - 4 potions of ambrosia
 l - a potion of resistance
 m - a potion of magic
 n - 4 potions of mutation
 v - 2 potions of attraction
 z - a potion of haste
 F - a potion of might
 I - a potion of enlightenment
 M - a potion of berserk rage


   Skills:
 + Level 7.1 Fighting
 + Level 11.3 Dodging
 * Level 14.1 Unarmed Combat
 + Level 14.4 Shapeshifting


You had 12 spell levels left.
You didn't know any spells.
Your spell library contained the following spells:

 Spells                   Type           Power      Damage    Failure   Level
 Freeze                   Ice            0%         1d3       43%         1
 Kiss of Death            Conj/Necr      0%         2d5       43%         1
 Sandblast                Erth           0%         2d4       43%         1
 Summon Small Mammal      Summ           0%         N/A       43%         1
 Lesser Beckoning         Tloc           0%         N/A       56%         2
 Static Discharge         Conj/Air       0%         3-3/arc   56%         2
 Call Canine Familiar     Summ           0%         N/A       80%         3
 Confusing Touch          Hex            0%         N/A       80%         3
 Frozen Ramparts          Ice            0%         1d1       80%         3
 Fugue of the Fallen      Necr           0%         N/A       80%         3
 Gell's Gravitas          Tloc           0%         N/A       80%         3
 Hailstorm                Conj/Ice       0%         3d5       80%         3
 Ozocubu's Armour         Ice            0%         N/A       80%         3
 Passwall                 Erth           0%         N/A       80%         3
 Stone Arrow              Conj/Erth      0%         3d7       80%         3
 Summon Ice Beast         Ice/Summ       0%         N/A       80%         3
 Teleport Other           Tloc           0%         N/A       80%         3
 Airstrike                Air            0%         2d(0-16)  99%         4
 Animate Armour           Summ/Erth      0%         N/A       99%         4
 Brom's Barrelling Bould  Conj/Erth      0%         2d3       99%         4
 Dispel Undead            Necr           0%         3d6       99%         4
 Manifold Assault         Tloc           0%         N/A       99%         4
 Summon Blazeheart Golem  Fire/Summ      0%         N/A       99%         4
 Summon Lightning Spire   Summ/Air       0%         N/A       99%         4
 Summon Mana Viper        Hex/Summ       0%         N/A       100%        5
 Dispersal                Tloc           0%         N/A       100%        6
 Monstrous Menagerie      Summ           0%         N/A       100%        7
 Lehudib's Crystal Spear  Conj/Erth      0%         10d2      100%        8


Dungeon Overview and Level Annotations

Branches:
Dungeon (11/15)            Temple (1/1) D:6            Lair (5/5) D:10
  Swamp (0/4) Lair:2        Snake (0/4) Lair:3        Slime (0/5) Lair:4
    Orc: D:9-12

Altars:
Ashenzari
Cheibriados
Dithmenos
Elyvilon
Fedhas
Gozag
Hepliaklqana
Kikubaaqudgha
Makhleb
Nemelex Xobeh
Okawaru
Qazlal
Ru
Sif Muna
Trog
Uskayaw
Vehumet
Wu Jian
Xom
Yredelemnul
Zin
The Shining One
Jiyva

Shops:
D:3 ***   D:10 **

Annotations:
D:5 1 runed translucent door, Crazy Yiuf
D:7 3 runed translucent doors, Anone's ghost, novice TeMo
D:10 1 runed translucent door


Innate Abilities, Weirdness & Mutations

You have blades for hands.
You are incapable of wielding weapons or throwing items.
You are very small and have problems with some larger weapons.
You are too small for most types of armour.
You have supernaturally acute eyesight. (SInv)
You cover ground extremely quickly. (Speed+++)


Message History

The komodo dragon bites you!
You barely miss the komodo dragon.
The komodo dragon is almost dead.
You slash the komodo dragon!
You kill the komodo dragon!
The Council accepts your kill.
You slice the manticore!!
The manticore is severely wounded.
You slice the manticore!!
You kill the manticore!
The Council accepts your kill.
You slice the water moccasin!!
You kill the water moccasin!
The Council accepts your kill.
A lindwurm comes into view.
The lindwurm roars!
You hear a trumpeting!
A manticore comes into view.
The lindwurm breathes flames at you. The blast of flame misses you.
You lunge at the lindwurm.
You hit the lindwurm.
The lindwurm is lightly wounded.
A wind drake comes into view.
The wind drake hisses angrily.
You slice the lindwurm!!
The lindwurm is severely wounded.
You hear an angry hiss.
The lindwurm barely misses you.
The lindwurm claws you but does no damage.
The lindwurm completely misses you.
The manticore flicks its tail.
The volley of spikes skewers you!!
The barbed spikes become lodged in your body.
* * * LOW HITPOINT WARNING * * *
Unknown command.
As you read the scroll of fear, it crumbles to dust.
You assume a fearsome visage.
The manticore looks frightened!
The wind drake looks frightened!
The lindwurm easily resists.
The lindwurm breathes flames at you. The blast of flame hits you!!
You die...

......P..#.....
...............
.....................
......^..............
..........k$........
..................##
#.....###....# #######
##.##.k##.....###§≈##≈##
#.<.###@#P...#≈§....".≈#
#.†..........##.....[.##
#.†..........#≈..#≈≈###
##......#.....#§§######
##H..#.#....#≈..§§#≈≈##
.....###....#....§§....
..............≈.....§...
...............#≈≈.#≈≈.≈##
...............####.#§.##.


You could see a wind drake (repels missiles, fleeing), a manticore (fleeing) and
a lindwurm (catching breath).

Vanquished Creatures
  2 hydras (Lair:2)
  2 boulder beetles
  2 catoblepae
  3 death yaks (D:10)
  4 two-headed ogres
  Urug (Lair:1)
  A skyshark (Lair:5)
  Pikel (D:8)
  A manticore (Lair:5)
  A deep elf pyromancer (D:11)
  An ugly thing (D:11)
  A cyclops (D:11)
  4 black mambas
  7 cane toads
  An unseen horror (shapeshifter) (D:11)
  3 rime drakes
  11 komodo dragons
  A tyrant leech (Lair:2)
  A troll (D:7)
  3 polar bears
  A wind drake (Lair:5)
  7 dream sheep (Lair:5)
  9 blink frogs
  Sigmund (D:5)
  2 vampires
  A spriggan (Lair:1)
  27 yaks
  A shadow (D:10)
  A wraith (D:10)
  2 basilisks
  7 wyverns
  A steam dragon (D:7)
  2 swamp worms (Lair:2)
  Duvessa (D:5)
  3 nagas (Lair:3)
  16 water moccasins
  A sky beast (D:7)
  An orc warrior (D:11)
  A hornet zombie (D:7)
  2 laughing skulls (D:11)
  An ice beast (D:6)
  A black bear (Lair:4)
  2 ogres
  6 centaurs
  3 wolves (Lair:1)
  A lemure (D:8)
  16 bullfrogs
  A kobold brigand (D:7)
  2 gnoll sergeants
  5 scorpions
  3 wights (D:9)
  Dowan (D:5)
  An oklob sapling (D:6)
  7 killer bees
  4 howler monkeys
  A vampire bat (Lair:2)
  7 jellies
  2 bombardier beetles
  A centaur zombie (D:7)
  An orc priest (D:6)
  3 gnoll boudas
  3 hounds
  4 iguanas
  Jessica (D:3)
  Ijyb (D:5)
  Terence (D:3)
  5 orc wizards
  2 hell rats (D:10)
  Robin (D:2)
  21 gnolls
  7 adders
  2 river rats (D:10)
  2 shadow imps
  A white imp (D:7)
  4 ufetubi
  4 dart slugs
  4 ribbon worms
  26 orcs
  14 bats
  8 endoplasms
  3 giant cockroaches
  14 goblins
  11 hobgoblins
  6 jackals
  7 kobolds
  7 quokkas
  7 ball pythons
  3 frilled lizards (D:1)
  10 rats
  A butterfly (D:7)
387 creatures vanquished.

Vanquished Creatures (others)
  An orc wizard (D:7)
  2 gnolls (D:11)
  A kobold (D:7)
4 creatures vanquished.

Grand Total: 391 creatures vanquished

Notes
Turn   | Place    | Note
-------+----------+-------------------------------------------
     0 | D:1      | TacoSundae the Spriggan Shapeshifter began the quest for
                  | the Orb.
     0 | D:1      | Reached XP level 1. HP: 9/9 MP: 2/2
   163 | D:1      | Reached XP level 2. HP: 14/14 MP: 3/3
   529 | D:1      | Reached XP level 3. HP: 17/17 MP: 4/4
   944 | D:2      | Noticed Robin
   971 | D:2      | Killed Robin
   972 | D:2      | Reached XP level 4. HP: 15/21 MP: 5/5
  1134 | D:2      | Found an ornate altar of the Wu Jian Council.
  1477 | D:2      | Reached skill level 5 in Shapeshifting
  1762 | D:3      | Found a shadowy altar of Dithmenos.
  1764 | D:3      | Found a radiant altar of Vehumet.
  1853 | D:3      | Noticed Jessica
  1882 | D:3      | Killed Jessica
  1917 | D:3      | Noticed Terence
  1931 | D:3      | Killed Terence
  1932 | D:3      | Reached XP level 5. HP: 25/25 MP: 6/6
  2016 | D:3      | Found Boatapt's Assorted Antiques.
  2021 | D:3      | Bought a scroll labelled DIYQEC JIHEETU for 27 gold pieces
  2030 | D:3      | Found Jurod's Assorted Antiques.
  2125 | D:3      | Found Soithuenk's Assorted Antiques.
  2130 | D:3      | Bought a thick emerald amulet for 90 gold pieces
  2749 | D:3      | Bought a scroll of identify for 36 gold pieces
  2969 | D:4      | Identified the +8 dagger of Departure {heavy, rPois rN+
                  | Int-3}
  3013 | D:4      | Reached XP level 6. HP: 20/29 MP: 7/7
  3071 | D:4      | Identified the ring of the King {AC+4 Dex+4}
  3091 | D:4      | Reached skill level 5 in Unarmed Combat
  3396 | D:5      | Entered Level 5 of the Dungeon
  3494 | D:4      | Reached XP level 7. HP: 28/32 MP: 8/8
  3593 | D:5      | Noticed Ijyb
  3606 | D:5      | Killed Ijyb
  3727 | D:5      | Found a stormy altar of Qazlal.
  3895 | D:5      | Noticed Sigmund
  3928 | D:5      | Killed Sigmund
  4034 | D:5      | Noticed Duvessa
  4070 | D:5      | Noticed Dowan
  4074 | D:5      | Killed Duvessa
  4075 | D:5      | Reached XP level 8. HP: 34/37 MP: 9/9
  4088 | D:5      | Killed Dowan
  4442 | D:5      | Found a runed translucent door.
  4443 | D:5      | Noticed Crazy Yiuf
  4905 | D:6      | Found an iron altar of Okawaru.
  4996 | D:6      | Found a staircase to the Ecumenical Temple.
  5027 | Temple   | Entered the Ecumenical Temple
  5075 | Temple   | Became a worshipper of the Wu Jian Council
  5261 | D:6      | Reached XP level 9. HP: 40/40 MP: 10/10
  5891 | D:6      | Found a shimmering altar of Xom.
  6001 | D:7      | Found a runed translucent gate.
  6001 | D:7      | Found a runed translucent gate.
  6001 | D:7      | Found a runed translucent gate.
  6001 | D:7      | Noticed Anone's ghost (novice TeMo)
  6003 | D:7      | Found a basalt altar of Yredelemnul.
  6454 | D:7      | Noticed a troll
  6741 | D:7      | Killed a troll
  6742 | D:7      | Reached skill level 10 in Shapeshifting
  6758 | D:7      | Reached * piety under Wu Jian
  7279 | D:3      | Bought an ancient cloak for 256 gold pieces
  7279 | D:3      | Identified the +1 cloak of Uregri Udawi {^Drain MP+9
                  | Stlth+} (You bought it in a shop on level 3 of the Dungeon)
  7294 | D:3      | Bought a scroll of identify for 54 gold pieces
  7660 | D:8      | Noticed Pikel
  7678 | D:8      | Killed Pikel
  7679 | D:8      | Reached skill level 10 in Unarmed Combat
  7964 | D:8      | Found a bloodstained altar of Trog.
  8065 | D:8      | Found a shimmering blue altar of Sif Muna.
  8349 | D:9      | Reached XP level 10. HP: 44/44 MP: 11/11
  8572 | D:9      | Reached skill level 1 in Fighting
  8906 | D:9      | Found a glowing golden altar of the Shining One.
  8955 | D:9      | Identified the granite talisman "Zibeuv" {Will+ MP+9 Dex+3}
  9297 | D:9      | Identified a scroll of acquirement
  9297 | D:9      | Acquired the ring of Horid {rPois rN+ Str+4 Int-5}
  9590 | D:10     | Entered Level 10 of the Dungeon
  9629 | D:10     | Noticed a two-headed ogre
  9641 | D:10     | Killed a two-headed ogre
  9667 | D:10     | Found a broken altar of Ashenzari.
  9881 | D:9      | Reached skill level 5 in Dodging
 10088 | D:10     | Found Sez Xull's General Store.
 10115 | D:10     | Found Ixofoen's Blasphemy Boutique.
 10212 | D:10     | Noticed a death yak
 10212 | D:10     | Noticed a death yak
 10230 | D:10     | Killed a death yak
 10232 | D:10     | Noticed a death yak
 10262 | D:10     | Noticed a two-headed ogre
 10265 | D:10     | HP: 1/49 [two-headed ogre/+0 great mace (18)]
 10483 | D:9      | Killed a two-headed ogre
 10501 | D:10     | Reached ** piety under Wu Jian
 10502 | D:10     | Reached XP level 11. HP: 46/52 MP: 9/12
 10527 | D:10     | Noticed a two-headed ogre
 10548 | D:10     | Killed a two-headed ogre
 10735 | D:10     | Found a staircase to the Lair.
 10889 | D:10     | Killed a death yak
 10897 | D:10     | Killed a death yak
 10966 | D:10     | Noticed a centaur warrior
 10967 | D:10     | Found a runed translucent door.
 10967 | D:10     | Noticed a two-headed ogre
 10967 | D:10     | Noticed a two-headed ogre
 11252 | D:11     | Noticed a skeletal warrior
 11269 | D:11     | Noticed a deep elf pyromancer
 11316 | D:11     | Killed a deep elf pyromancer
 11386 | D:11     | Noticed a boulder beetle
 11519 | D:11     | Noticed a two-headed ogre
 11530 | D:11     | Killed a two-headed ogre
 11544 | D:11     | Noticed a red ugly thing
 11562 | D:11     | Killed a purple ugly thing
 11901 | D:11     | Killed a boulder beetle
 11948 | D:11     | Identified the +1 robe "Zypp" {+Inv Dex+4}
 11974 | D:11     | Noticed an eight-headed hydra
 12078 | Lair:1   | Entered Level 1 of the Lair of Beasts
 12144 | Lair:1   | Noticed a boulder beetle
 12145 | Lair:1   | Noticed a catoblepas
 12174 | Lair:1   | Reached *** piety under Wu Jian
 12187 | Lair:1   | Killed a boulder beetle
 12188 | Lair:1   | Reached skill level 5 in Fighting
 12281 | Lair:1   | Reached XP level 12. HP: 60/60 MP: 13/13
 12304 | Lair:1   | Killed a catoblepas
 12919 | Lair:1   | Noticed Urug
 13418 | Lair:1   | Killed Urug
 14413 | Lair:2   | Noticed a six-headed hydra
 14413 | Lair:2   | Noticed a seven-headed hydra
 14443 | Lair:2   | Killed a seven-headed hydra
 14542 | Lair:2   | Killed a six-headed hydra
 14761 | Lair:2   | Reached **** piety under Wu Jian
 15030 | Lair:2   | Found a staircase to the Swamp.
 15252 | Lair:3   | Reached skill level 10 in Dodging
 16202 | Lair:3   | Found a staircase to the Snake Pit.
 16426 | Lair:4   | Reached XP level 13. HP: 63/65 MP: 12/14
 16813 | Lair:4   | Found a staircase to the Slime Pits.
 16939 | Lair:4   | Found a viscous altar of Jiyva.
 17476 | Lair:4   | You fall into a shaft and drop 1 floor!
 17476 | Lair:5   | Entered Level 5 of the Lair of Beasts
 18108 | Lair:5   | Reached ***** piety under Wu Jian
 18191 | Lair:5   | Killed from afar by a lindwurm

Illustrated notes

Levels and vault maps discovered:
D:1:      wheals_arrival_linesprint, layout_rooms
D:2:      layout_basic, basic_altar, uniq_robin
D:3:      layout_loops_ring, jmf_multi_god_temple, serial_shops, shop,
          nicolae_shop_stone, nicolae_shop_trees, kennysheep_potato,
          uniq_terence, uniq_jessica
D:4:      layout_basic
D:5:      layout_gridville, mainiacjoe_overflow_concentric_impassable,
          chequers_serial_rivers_room_b, minmay_misc_feat_chi, uniq_sigmund,
          uniq_ijyb, uniq_crazy_yiuf_cottage, uniq_duvessa
D:6:      layout_basic, mainiacjoe_overflow_swirl, minmay_temple_entry_oklob
D:7:      layout_rooms, nicolae_yredelemnul_ghost_church, minivault_11,
          hangedman_glass_garden
D:8:      layout_loops_ring, lemuel_blue_sif_altar, trog_three_pillars_becter,
          uniq_pikel
D:9:      layout_loops_ring, tso_metal_star
D:10:     layout_gridville, lemuel_tele_altar, dpeg_lair_monsters, serial_shops,
          shop, minmay_st_funbox, minmay_misc_feat_diagonals, nicolae_evil_shop
D:11:     minmay_the_grid_square_5x5_4x4_mashed
          [minmay_the_grid_square_5x5_empty, minmay_the_grid_square_5x5_n,
          minmay_the_grid_square_5x5_sharp_hourglass,
          minmay_the_grid_square_5x5_three, minmay_the_grid_square_5x5_slash,
          minmay_the_grid_square_5x5_prize_junk,
          minmay_the_grid_square_5x5_prize_pseudospiral,
          minmay_the_grid_square_5x5_minibox,
          minmay_the_grid_square_5x5_minimal,
          minmay_the_grid_square_5x5_prize_rear_guard,
          minmay_the_grid_square_5x5_prize_open,
          minmay_the_grid_square_5x5_bracketed,
          minmay_the_grid_square_5x5_one_wall,
          minmay_the_grid_square_5x5_inner_z,
          minmay_the_grid_square_5x5_inverted_slash,
          minmay_the_grid_square_5x5_two_walls_a], layout_loops_ring,
          chequers_serial_rivers_small_3
Temple:   nicolae_temple_godzebo
Lair:1:   layout_chaotic_city, grunt_forest_large_clearing_hut, uniq_urug
Lair:2:   layout_hall_layers, palyth_hydra_swamp_entry, roderic_batcave,
          serial_bayou_shore_b
Lair:3:   layout_chaotic_city, alex1729_snake_entry_snake, grunt_megastairs_4
Lair:4:   layout_regular_city, nicolae_slime_entry_field_trip,
          grunt_megastairs_1
Lair:5:   gammafunk_lair_ancient_temple, layout_regular_city,
          nicolae_lair_lindhole

Skill      XL: |  1  2  3  4  5  6  7  8  9 10 11 12 13 |
---------------+----------------------------------------+-----
Unarmed Combat | 3 4 5 6 8 10 11 12 13 14 | 14.1
Shapeshifting  | 5 6 7 9 10 11 12 13 14 | 14.4
Fighting       | 3 5 6 7 |  7.1
Dodging        | 5 8 10 11 | 11.3

Action                     |  1- 3 |  4- 6 |  7- 9 | 10-12 | 13-15 || total
---------------------------+-------+-------+-------+-------+-------++-------
  Melee: Unarmed           |   106 |   228 |   370 |   632 |   151 ||  1487
         Punch             |     2 |     5 |     2 |    10 |    10 ||    29
  Throw: Dart              |     4 |     5 |       |       |       ||     9
Ability: Lunge             |       |       |    13 |    33 |    17 ||    63
         Begin Untransform |       |       |     1 |       |       ||     1
         Whirlwind         |       |       |       |   125 |    10 ||   135
  Evoke: Wand              |       |     4 |    10 |    17 |       ||    31
    Use: Potion            |       |     1 |     4 |       |       ||     5
         Scroll            |       |    12 |     4 |    12 |     1 ||    29
   Stab: Sleeping          |     2 |     3 |       |     1 |       ||     6
         Invisible         |       |       |     1 |       |       ||     1
 Armour: Animal skin       |    27 |    48 |    20 |       |       ||    95
         Skin              |       |     9 |    81 |   121 |    12 ||   223
         Steam dragon scal |       |       |       |    34 |    24 ||    58
  Dodge: Dodged            |    61 |   141 |   271 |   440 |    79 ||   992
   Form: Flux              |       |       |     2 |     2 |     1 ||     5
         Blade             |       |       |       |     3 |     1 ||     4
